 Dungeon Crawl Stone Soup version 0.29.1-2-gbd0b4ee654 (webtiles) character file.

Game seed: 13959842996750288413

85 GorkyZ the Shield-Bearer (level 4, 0/29 HPs)
             Began as a Gargoyle Fighter on Nov 29, 2022.
             Slain by a worm (1 damage)
             ... on level 2 of the Dungeon.
             The game lasted 00:03:12 (1842 turns).

GorkyZ the Shield-Bearer (Gargoyle Fighter)         Turns: 1842, Time: 00:03:13

Health: 0/29       AC: 10    Str: 22    XL:     4   Next: 48%
Magic:  4/4        EV:  9    Int:  8    God:
Gold:   129        SH:  4    Dex:  9    Spells: 3/3 levels left

rFire   . . .      SeeInvis +   q - +1 trident of Howling Bloody Death {flame, SInv}
rCold   . . .      Faith    .   c - +0 buckler
rNeg    + . .      Spirit   .   b - +0 scale mail
rPois   ∞          Reflect  .   (no helmet)
rElec   +          Harm     .   (no cloak)
rCorr   .          Rampage  .   (no gloves)
Will    .....                   (no boots)
Stlth   ..........              (no amulet)
HPRegen 0.09/turn               (no ring)
MPRegen 0.09/turn               (no ring)

@: no status effects
A: sickness immunity, AC +3, negative energy resistance 1, electricity
resistance, torment resistance 1, petrification resistance
a: no special abilities


You were on level 2 of the Dungeon.
You visited 1 branch of the dungeon, and saw 2 of its levels.

You collected 129 gold pieces.

Inventory:

Hand Weapons
 a - a +0 war axe
 q - the +1 trident of Howling Bloody Death (weapon) {flame, SInv}
   (You found it on level 2 of the Dungeon)

   It burns those it strikes, dealing additional fire damage.
   SInv:      It lets you see invisible.
Missiles
 l - 5 boomerangs (quivered)
 n - 5 poisoned darts
Armour
 b - a +0 scale mail (worn)
 c - a +0 buckler (worn)
Wands
 k - a wand of charming (10)
Scrolls
 f - a scroll of summoning {unknown}
 g - a scroll of noise {unknown}
 h - a scroll of fear {unknown}
 i - 2 scrolls of magic mapping {unknown}
 j - 2 scrolls of teleportation {unknown}
 m - 2 scrolls of identify {unknown}
 p - a scroll of enchant armour {unknown}
 r - a scroll of fog {unknown}
Potions
 d - 2 potions of might
 e - a potion of curing {unknown}
 o - 2 potions of flight {unknown}
 s - a potion of berserk rage {unknown}


   Skills:
 + Level 3.7 Fighting
 + Level 2.2 Axes
 + Level 0.9 Throwing
 + Level 3.8 Armour
 + Level 0.8 Dodging
 + Level 3.8 Shields
 + Level 0.9 Evocations


You had 3 spell levels left.
You didn't know any spells.
Your spell library contained the following spells:

 Spells                   Type           Power      Damage    Failure   Level
 Beastly Appendage        Tmut           0%         N/A       82%         1
 Wereblood                Tmut           0%         N/A       91%         2
 Spider Form              Tmut/Pois      0%         N/A       99%         3


Dungeon Overview and Level Annotations

Branches:
Dungeon (2/15)

Altars:

Annotations:
D:2 Jessica


Innate Abilities, Weirdness & Mutations

You are immune to sickness and miasma.
Your stone body is resilient. (AC +3)
You are immune to poison.
You resist negative energy. (rN+)
You are resistant to electric shocks. (rElec)
You are resistant to unholy torment.
You are immune to petrification.


Message History

You puncture the hobgoblin! You burn the hobgoblin.
You kill the hobgoblin!
Jessica shouts, "You're disturbing me!
I'll have to kill you!"
You reach to attack!
You hit the worm but do no damage. You hit the worm. You burn the worm.
The worm is moderately wounded.
The worm bites you!
You hit the worm. You burn the worm.
The worm is heavily wounded.
Jessica says, "I'm really upset."
The worm bites you. Jessica closely misses you.
You hit the worm. You burn the worm.
The worm is severely wounded.
Jessica points at you and mumbles some strange words.
You resist with some effort.
You hit the worm. You burn the worm.
The worm is severely wounded.
The worm bites you! Jessica casts a spell at you.
Pain shoots through your body!
* * * LOW HITPOINT WARNING * * *
You are too injured to fight recklessly!
You are too injured to fight recklessly!
You are too injured to fight recklessly!
You are too injured to fight recklessly!
You are too injured to fight recklessly!
You are too injured to fight recklessly!
You are too injured to fight recklessly!
You are too injured to fight recklessly!
You are too injured to fight recklessly!
You closely miss Jessica.
Jessica shouts, "You are a ghastly nuisance!"
Jessica barely misses you. The worm barely misses you.
You completely miss Jessica.
Jessica casts a spell.
Jessica seems to speed up.
The worm bites you.
* * * LOW HITPOINT WARNING * * *
Jessica hits you but does no damage.
You closely miss Jessica. Jessica misses you. The worm bites you.
You die...

####### ....... .......
....... ....... ...?...
.....$@#### ......w@..#
....#####.# . #.# #.# #.#
#########.# ######
#.......#.# #....#
#.#####.#.#########
#....#####.#####.#.........#


You could see a worm and Jessica (fast).

Vanquished Creatures
  2 adders (D:2)
  A worm (D:2)
  2 dart slugs (D:2)
  5 endoplasms
  2 giant cockroaches
  6 goblins
  7 hobgoblins
  4 jackals (D:1)
  3 quokkas (D:1)
  5 bats
  2 frilled lizards
  9 kobolds
  4 rats
52 creatures vanquished.

Notes
Turn   | Place    | Note
-------+----------+-------------------------------------------
     0 | D:1      | GorkyZ the Gargoyle Fighter began the quest for the Orb.
     0 | D:1      | Reached XP level 1. HP: 14/14 MP: 1/1
   278 | D:1      | Reached XP level 2. HP: 19/19 MP: 2/2
   663 | D:1      | Reached XP level 3. HP: 23/23 MP: 3/3
  1363 | D:2      | Reached XP level 4. HP: 23/29 MP: 4/4
  1437 | D:2      | Identified the +1 trident of Howling Bloody Death {flame,
                  | SInv}
  1496 | D:2      | Found a faded altar of an unknown god.
  1832 | D:2      | Noticed Jessica
  1841 | D:2      | HP: 1/29 [worm (6)]
  1842 | D:2      | Slain by a worm

Illustrated notes

Levels and vault maps discovered:
D:1:      dpeg_arrival_concentric_ovals, layout_rooms
D:2:      layout_basic, hellmonk_ecumenical_altar_pennies_from_heaven,
          minmay_goblin_kobold_house, uniq_jessica

Skill      XL: |  1  2 |
---------------+-------+-----
Axes           | 2 |  2.2
Fighting       | |  3.7
Throwing       | |  0.9
Armour         | |  3.8
Dodging        | |  0.8
Shields        | |  3.8
Evocations     | |  0.9

Action                   |  1- 3 |  4- 6 || total
-------------------------+-------+-------++-------
Melee: War axe           |   118 |     3 ||   121
       Trident           |       |    55 ||    55
Armor: Scale mail        |    60 |    33 ||    93
Dodge: Dodged            |    85 |    27 ||   112
Block: Buckler           |    29 |    14 ||    43
